 Dungeon Crawl Stone Soup version 0.20.1-1-g8b1a95d (webtiles) character file.

7671 frankgod the Cleaver (level 11, -2/97 HPs)
             Began as a Hill Orc Fighter on Sept 21, 2017.
             Was a Follower of Beogh.
             Slain by a troll (8 damage)
             ... on level 10 of the Dungeon.
             The game lasted 00:35:24 (9651 turns).

frankgod the Cleaver (Hill Orc Fighter)             Turns: 9651, Time: 00:35:25

Health: -2/97      AC: 16    Str: 20    XL:     11   Next: 18%
Magic:  16/16      EV:  9    Int:  8    God:    Beogh [*.....]
Gold:   383        SH:  7    Dex: 11    Spells: 10/10 levels left

rFire    + . .     SeeInvis .   b - +3 hand axe (chop)
rCold    + . .     Gourm    .   m - +2 buckler
rNeg     . . .     Faith    .   r - +2 scale mail {MR+}
rPois    +         Spirit   .   y - +0 helmet
rElec    +         Reflect  .   (no cloak)
rCorr    +         Harm     .   B - +2 pair of gloves of the Unstoppable Stars {rPois Regen+ rCorr Str-2}
MR       +....                  n - +1 pair of boots
Stlth    ..........             e - amulet of rage
Regen    0.7/turn               z - ring of flight
MPRegen  0.2/turn               C - ring of resist corrosion

@: resistant, berserk cooldown, slowed, very slow
A: no striking features
a: Renounce Religion, Evoke Berserk Rage, Evoke Flight


You were on level 10 of the Dungeon.
You worshipped Beogh.
Beogh was aware of your devotion.
You were not hungry.

You visited 4 branches of the dungeon, and saw 13 of its levels.

You collected 565 gold pieces.
You spent 182 gold pieces at shops.

Inventory:

Hand Weapons
 b - a +3 hand axe of chopping (weapon)
Armour
 m - a +2 buckler (worn)
 n - a +1 pair of boots (worn)
 o - a +0 plate armour
 r - a +2 scale mail of magic resistance (worn)
 y - a +0 helmet (worn)
 B - the +2 pair of gloves of the Unstoppable Stars (worn) {rPois Regen+ rCorr Str-2}
   (You found it on level 8 of the Dungeon)

   It affects your strength (-2).
   It protects you from poison.
   It increases your rate of regeneration.
   It protects you from acid and corrosion.
Jewellery
 e - an amulet of rage (around neck)
 z - a ring of flight (left hand)
 C - a ring of resist corrosion (right hand)
Wands
 k - a wand of random effects (8/48)
 u - a wand of random effects (38/48)
 v - a wand of random effects (33/48)
 A - a wand of iceblast (15/15)
Scrolls
 a - 2 scrolls of amnesia
 c - 2 scrolls of remove curse
 d - a scroll of enchant weapon
 h - a scroll of recharging
 j - 4 scrolls of identify
 p - a scroll of enchant armour
 s - a scroll of fog
 x - a scroll of teleportation {unknown}
 G - a scroll of vulnerability {unknown}
Potions
 g - 5 potions of curing
 i - a potion of ambrosia
 l - 4 potions of agility
 D - a potion of brilliance
 E - a potion of resistance
Comestibles
 f - 10 bread rations
 q - 3 royal jellies
 t - 7 fruits
 w - 2 meat rations


   Skills:
 - Level 9.5 Fighting
 - Level 14.4 Axes
 + Level 6.0 Armour
 - Level 0.8 Stealth
 + Level 5.0 Shields
 * Level 5.0 Invocations
 - Level 7.0 Evocations


You had 10 spell levels left.
You didn't know any spells.

Dungeon Overview and Level Annotations

Branches:
Dungeon (10/15)            Temple (1/1) D:6            Lair (1/6) D:9
    Orc (1/2) D:9

Altars:
Ashenzari
Cheibriados
Dithmenos
Elyvilon
Fedhas
Gozag
Hepliaklqana
Kikubaaqudgha
Makhleb
Nemelex Xobeh
Okawaru
Qazlal
Ru
Sif Muna
Trog
Uskayaw
Vehumet
Xom
Yredelemnul
Zin
The Shining One

Shops:
D:4 =   D:7 }}**   D:9 (


Message History

You block the troll's attack. The troll claws you.
* * * LOW HITPOINT WARNING * * *
The troll claws you but does no damage.
You closely miss the troll.
The troll is lightly wounded.
The troll completely misses you. The troll closely misses you.
The troll completely misses you.
You hit the troll but do no damage.
The troll is lightly wounded.
The troll bites you but does no damage. The troll claws you.
* * * LOW HITPOINT WARNING * * *
The troll closely misses you. You block the troll's attack.
The troll claws you but does no damage. You block the troll's attack.
You block the troll's attack. The troll barely misses you. The troll claws you.
* * * LOW HITPOINT WARNING * * *
It was a potion of resistance.
You feel protected. The troll bites you!
You die...

...# .)..... .. ...# ......# ...
..## ##....T##.). ...# #.........
...# ........ .#####
############.##..# .###.##
##......##.##.##..###### ......#
#....................... ..>...#
#......@T............... ......#
#.......................
.###'#######.######...###..######
.###...#.###.##.####### #..#
.................... .....
.................... ......
..######..##....##.. .......
#'##..##..##+#####.....#.......
..##.......# +.....


You could see a troll.

Vanquished Creatures
  Fannar (D:10)
  A two-headed ogre (D:10)
  Erica (D:9)
  Joseph (D:7)
  A komodo dragon (D:10)
  A merfolk (D:9)
  A hornet (D:10)
  A hippogriff (D:9)
  5 yaks (D:9)
  A wyvern (D:10)
  A warg (D:9)
  A soldier ant (D:10)
  Duvessa (D:7)
  Edmund (D:6)
  3 orc warriors (D:9)
  A sky beast (D:3)
  A black bear (D:6)
  A necrophage (D:9)
  5 ogres
  3 centaurs
  A crocodile (Lair:1)
  Blork the orc (D:5)
  3 bullfrogs
  Dowan (D:7)
  2 scorpions
  A water moccasin skeleton (D:8)
  4 killer bees (D:9)
  An electric eel (Lair:1)
  5 crimson imps
  4 orc priests
  2 bullfrog zombies
  2 hounds
  3 bullfrog skeletons
  A centaur skeleton (D:3)
  A gnoll shaman (D:7)
  2 jellies (D:6)
  7 worker ants
  5 orc wizards
  A killer bee zombie (D:5)
  A hound skeleton (D:5)
  3 worker ant zombies
  A howler monkey skeleton (D:4)
  5 gnolls (D:7)
  6 adders
  2 shadow imps
  An ooze (D:2)
  An adder zombie (D:7)
  2 adder skeletons
  A worm (D:4)
  3 dart slugs
  2 leopard geckos
  32 orcs
  A giant cockroach (D:8)
  12 goblins
  8 hobgoblins
  7 kobolds
  8 quokkas
  3 ball pythons
  A ball python skeleton (D:4)
  9 bats
  11 frilled lizards
  A quokka skeleton (D:9)
  6 rats
  A spectral orc (D:6)
207 creatures vanquished.

Notes
Turn   | Place    | Note
-------+----------+-------------------------------------------
     0 | D:1      | frankgod the Hill Orc Fighter began the quest for the Orb.
     0 | D:1      | Reached XP level 1. HP: 19/19 MP: 1/1
   262 | D:1      | Reached skill level 3 in Axes
   357 | D:1      | Reached XP level 2. HP: 27/27 MP: 2/2
  1066 | D:2      | Reached XP level 3. HP: 29/33 MP: 3/3
  1556 | D:2      | Reached skill level 4 in Axes
  1769 | D:3      | Reached skill level 1 in Evocations
  1802 | D:3      | Noticed a sky beast
  1802 | D:3      | Reached XP level 4. HP: 41/41 MP: 4/4
  1831 | D:3      | Killed a sky beast
  1831 | D:3      | Reached skill level 5 in Fighting
  1831 | D:3      | Reached skill level 5 in Axes
  1831 | D:3      | Reached XP level 5. HP: 42/48 MP: 4/6
  2060 | D:3      | Reached skill level 6 in Axes
  2377 | D:4      | Reached XP level 6. HP: 55/56 MP: 7/7
  2513 | D:4      | Found Wasoso's Jewellery Shoppe.
  2878 | D:4      | Reached skill level 7 in Axes
  2976 | D:4      | Found a hazy altar of Hepliaklqana.
  3108 | D:5      | Entered Level 5 of the Dungeon
  3182 | D:5      | Noticed Blork the orc
  3192 | D:5      | Killed Blork the orc
  3192 | D:5      | Reached XP level 7. HP: 61/61 MP: 8/8
  3323 | D:5      | Found a glowing golden altar of the Shining One.
  3483 | D:5      | Reached skill level 8 in Axes
  3588 | D:5      | Found a radiant altar of Vehumet.
  4156 | D:6      | Noticed Edmund
  4164 | D:6      | Killed Edmund
  4164 | D:6      | Reached skill level 9 in Axes
  4279 | D:6      | Reached XP level 8. HP: 70/70 MP: 10/10
  4576 | D:6      | Found a staircase to the Ecumenical Temple.
  4586 | Temple   | Entered the Ecumenical Temple
  4913 | D:6      | Found a sacrificial altar of Ru.
  5170 | D:6      | Found a basalt altar of Yredelemnul.
  5324 | D:7      | Reached skill level 10 in Axes
  5438 | D:7      | Noticed Duvessa
  5439 | D:7      | Noticed Dowan
  5450 | D:7      | Killed Duvessa
  5456 | D:7      | Found Baisiv's Gadget Shoppe.
  5457 | D:7      | Killed Dowan
  5655 | D:7      | Found Maw Emmo's Assorted Antiques.
  5668 | D:7      | Bought a runed scale mail for 182 gold pieces
  5759 | D:7      | Found Xuank's Assorted Antiques.
  5992 | D:7      | Found Cemnianiat's Gadget Shop.
  6097 | D:7      | Noticed Joseph
  6119 | D:7      | Killed Joseph
  6119 | D:7      | Reached skill level 11 in Axes
  6119 | D:7      | Reached XP level 9. HP: 45/79 MP: 12/12
  6769 | D:8      | Got a pair of ichor-stained gloves
  6775 | D:8      | Identified the +2 pair of gloves of the Unstoppable Stars {rPois Regen+ rCorr Str-2} (You found it on level 8 of the Dungeon)
  6801 | D:8      | Reached skill level 5 in Evocations
  6920 | D:8      | Reached skill level 12 in Axes
  7226 | D:9      | Reached skill level 13 in Axes
  7244 | D:9      | Reached XP level 10. HP: 90/90 MP: 14/14
  7393 | D:9      | Noticed Erica
  7414 | D:9      | Killed Erica
  7414 | D:9      | Reached skill level 14 in Axes
  7430 | D:9      | Found a staircase to the Orcish Mines.
  7447 | D:9      | Became a worshipper of Beogh the Brigand
  7531 | D:9      | Found a staircase to the Lair.
  7825 | D:9      | Found Vame's Weapon Emporium.
  8173 | D:9      | Found a bloodstained altar of Trog.
  8212 | Orc:1    | Entered Level 1 of the Orcish Mines
  8659 | D:9      | Reached skill level 1 in Invocations
  8824 | Lair:1   | Entered Level 1 of the Lair of Beasts
  8863 | Lair:1   | HP: 4/91 [electric eel/bolt of electricity (12)]
  9146 | D:10     | Entered Level 10 of the Dungeon
  9155 | D:10     | Noticed a two-headed ogre
  9170 | D:10     | Killed a two-headed ogre
  9416 | D:10     | Noticed Fannar
  9442 | D:10     | Killed Fannar
  9442 | D:10     | Reached skill level 5 in Armour
  9442 | D:10     | Reached XP level 11. HP: 97/97 MP: 16/16
  9627 | D:10     | Reached skill level 5 in Shields
  9631 | D:10     | Reached * piety under Beogh
  9631 | D:10     | Reached skill level 5 in Invocations
  9647 | D:10     | HP: 3/97 [troll (6)]
  9651 | D:10     | Slain by a troll

Skill      XL: |  1  2  3  4  5  6  7  8  9 10 11 |
---------------+----------------------------------+-----
Axes           | 3 4 5 6 7 9 11 13 14 | 14.4
Fighting       | 4 5 7 8 9 |  9.5
Evocations     | 1 2 3 4 5 7 |  7.0
Invocations    | 4 5 |  5.0
Armour         | 5 6 |  6.0
Shields        | 4 5 |  5.0
Stealth        | |  0.8

Action                   |  1- 3 |  4- 6 |  7- 9 | 10-12 || total
-------------------------+-------+-------+-------+-------++-------
Melee: War axe           |   135 |   165 |    76 |       ||   376
       Hand axe          |       |       |   265 |   222 ||   487
Invok: Convert to Beogh  |       |       |       |     1 ||     1
 Abil: Evoke Berserk Rag |       |     1 |       |     1 ||     2
  Use: Potion            |     6 |       |     2 |     8 ||    16
       Scroll            |     2 |       |     9 |       ||    11
  Eat: Bread ration      |     1 |       |     1 |     1 ||     3
       Meat ration       |       |     1 |     1 |     1 ||     3
       Royal jelly       |       |       |     2 |       ||     2
Armor: Scale mail        |    57 |       |    60 |    59 ||   176
       Plate armour      |    28 |   148 |    93 |       ||   269
Dodge: Dodged            |    41 |    23 |    79 |    49 ||   192
Block: Shield            |    60 |       |       |       ||    60
       Buckler           |    12 |    66 |    67 |    44 ||   189
